 Dungeon Crawl Stone Soup version 0.30-a0-972-gf3ab3527aa (webtiles) character file.

Game seed: 1782362331031141502

4320 Newt the Skirmisher (level 10, -23/59 HPs)
             Began as a Kobold Hunter on Mar 31, 2023.
             Killed from afar by an ice statue (33 damage)
             ... with a bolt of cold
             ... on level 9 of the Dungeon.
             The game lasted 00:14:16 (9434 turns).

Newt the Skirmisher (Kobold Hunter)                 Turns: 9434, Time: 00:14:16

Health: -23/59     AC: 15    Str: 10    XL:     10   Next: 58%
Magic:  6/6        EV: 19    Int: 10    God:
Gold:   286        SH:  5    Dex: 22    Spells: 18/21 levels left

rFire   + + +      SeeInvis .    H - +7 sling "Xyqiacs" {antimagic, rF+ rCorr Stlth-}
rCold   x . .      Faith    .    (no shield)
rNeg    . . .      Spirit   .    D - +0 steam dragon scales
rPois   .          Reflect  +    (no helmet)
rElec   .          Rampage  .    G - +3 cloak "Defotyny" {Stlth+}
rCorr   +                        x - +2 pair of gloves
Will    .....                    K - +2 pair of boots
Stlth   +++                      A - amulet of reflection
HPRegen 0.29/turn                v - ring of fire
MPRegen 0.10/turn                g - ring of protection from fire

@: no status effects
A: small, no large weapons, nightstalker 3
a: no special abilities


You were on level 9 of the Dungeon.
You visited 1 branch of the dungeon, and saw 8 of its levels.
You also visited: Ossuary.

You collected 382 gold pieces.
You spent 96 gold pieces at shops.

Inventory:

Hand Weapons
 a - a +0 shortbow
 t - a +3 sling
 H - the +7 sling "Xyqiacs" (weapon) {antimagic, rF+ rCorr Stlth-}
   (You found it on level 7 of the Dungeon)

   rF:        It protects you from fire.
   rCorr:     It protects you from acid and corrosion.
   Stlth:     It makes you less stealthy.
Armour
 c - a +0 leather armour
 o - a +1 cloak
 x - a +2 pair of gloves (worn)
 D - +0 steam dragon scales (worn)
 G - the +3 cloak "Defotyny" (worn) {Stlth+}
   (You found it on level 6 of the Dungeon)

   Stlth:     It makes you more stealthy.
 K - a +2 pair of boots (worn)
Jewellery
 d - a +6 ring of intelligence
 e - a ring of fire
 g - a ring of protection from fire (right hand)
 i - a ring of willpower
 l - an amulet of guardian spirit
 p - a +6 ring of intelligence
 v - a ring of fire (left hand)
 z - an amulet of regeneration
 A - an amulet of reflection (around neck)
 F - a ring of poison resistance
Wands
 E - a wand of charming (12)
 J - a wand of roots (8)
Scrolls
 b - a scroll of immolation
 m - 8 scrolls of teleportation
 s - a scroll of fear
 w - a scroll of magic mapping
 y - 2 scrolls of amnesia
 I - a scroll of identify
Potions
 f - 4 potions of mutation
 h - a potion of flight
 j - a potion of might
 k - a potion of curing
 n - 3 potions of brilliance
 q - a potion of cancellation
 r - 3 potions of lignification
 u - 3 potions of berserk rage
 B - 4 potions of degeneration
 C - a potion of heal wounds


   Skills:
 - Level 5.0 Fighting
 - Level 12.1 Ranged Weapons
 - Level 6.0 Dodging
 - Level 1.3 Stealth
 + Level 6.1 Spellcasting
 - Level 5.7 Hexes
 - Level 5.7 Fire Magic


You had 18 spell levels left.
You knew the following spells:

 Your Spells              Type           Power      Damage    Failure   Level
a - Inner Flame           Hex/Fire       21%        N/A       6%          3

Your spell library contained the following spells:

 Spells                   Type           Power      Damage    Failure   Level
 Confusing Touch          Hex            14%        N/A       6%          3
 Cause Fear               Hex            7%         N/A       19%         4
 Apportation              Tloc           6%         N/A       21%         1
 Kiss of Death            Conj/Necr      12%        2d6       21%         1
 Necrotise                Necr           12%        1d4       21%         1
 Summon Small Mammal      Summ           12%        N/A       21%         1
 Frozen Ramparts          Ice            6%         1d1       52%         3
 Dispel Undead            Necr           3%         3d7       90%         4
 Ice Form                 Ice/Tmut       3%         N/A       90%         4
 Summon Ice Beast         Ice/Summ       3%         N/A       90%         4
 Discord                  Hex            7%         N/A       100%        8


Dungeon Overview and Level Annotations

Branches:
Dungeon (9/15)               Lair (0/5) D:9         Ossuary (visited)
 Temple: D:4-7          Orc: D:9-12

Altars:
Fedhas
Yredelemnul

Shops:
D:1 [=(*:   D:5 (*

Annotations:
D:9 3 runed translucent doors, exclusion: ice statue


Innate Abilities, Weirdness & Mutations

You are small and have problems with some larger weapons.
You are completely attuned to the shadows.


Message History

Fire: H) +7 sling "Xyqiacs" {antimagic, rF+ rCorr Stlth-}
Press: ? - help, Shift-Dir - straight line, f/p - ice statue
Aim: an ice statue (severely damaged, magic disrupted, 95% to hit)
You shoot a sling bullet.
The sling bullet hits the ice statue but does no damage.
The ice statue is severely damaged.
You are engulfed in freezing vapours.
Fire: H) +7 sling "Xyqiacs" {antimagic, rF+ rCorr Stlth-}
Press: ? - help, Shift-Dir - straight line, f/p - ice statue
Aim: an ice statue (severely damaged, magic disrupted, 95% to hit)
You shoot a sling bullet.
The sling bullet hits the ice statue but does no damage.
The ice statue is severely damaged.
You are engulfed in freezing vapours.
* * * LOW HITPOINT WARNING * * *
Unknown command.
You feel much better.
You are engulfed in freezing vapours.
* * * LOW HITPOINT WARNING * * *
You feel much better.
You are engulfed in freezing vapours.
Unknown command.
Fire: H) +7 sling "Xyqiacs" {antimagic, rF+ rCorr Stlth-}
Press: ? - help, Shift-Dir - straight line, f/p - ice statue
Aim: an ice statue (severely damaged, magic disrupted, 95% to hit)
You shoot a sling bullet.
The sling bullet hits the ice statue but does no damage.
The ice statue is severely damaged.
You are engulfed in freezing vapours.
* * * LOW HITPOINT WARNING * * *
The ice statue falters for a moment.
You feel much better.
You are engulfed in freezing vapours.
* * * LOW HITPOINT WARNING * * *
Fire: H) +7 sling "Xyqiacs" {antimagic, rF+ rCorr Stlth-}
Press: ? - help, Shift-Dir - straight line, f/p - ice statue
Aim: an ice statue (severely damaged, magic disrupted, 95% to hit)
You shoot a sling bullet.
The sling bullet completely misses the ice statue.
The ice statue gestures at you. The bolt of cold hits you!!
You feel a terrible chill!
Ouch! That really hurt!
You die...

.>..............#.........###
.##########'##.....#+#......##
.#......(....#...###.###.....#
.#.............### ... ###.#.#
.#...........).#...#+#. #...##
##............##.# . ##...#
..............#..# .. . #...#
...........).##°##°.. #.##..#
.............'°°@).)8 +..+..#
############.##.##..) #o##..#
..............#..# .. o #...#
..............##.# . ##.#.#
..###########..#..y#+#. #..#.#
..#..........#.###


y.o ###....# ..#..........#...###.###...#### ..#..........#.....#+#...###
..#..........#.........### You could see an ice statue (magic disrupted).

Vanquished Creatures
  A troll (D:9)
  A vampire (D:9)
  A wraith (D:7)
  2 steam dragons
  A water moccasin (D:9)
  2 wargs (D:9)
  An ice beast (D:6)
  3 orc warriors
  A black bear (D:6)
  A sky beast (D:7)
  2 phantoms
  An ogre (D:5)
  3 centaurs
  An elf zombie (Ossuary)
  A bullfrog (D:9)
  2 scorpions
  3 wights (D:9)
  15 killer bees
  A centaur zombie (Ossuary)
  2 jellies
  A gnoll bouda (D:6)
  4 human zombies (Ossuary)
  7 orc priests
  2 hounds
  Jessica (D:2)
  Terence (D:3)
  2 iguanas
  3 sleepcaps
  6 orc wizards
  2 mummies (Ossuary)
  10 gnolls
  4 adders
  A shadow imp (D:6)
  3 white imps
  An adder zombie (Ossuary)
  A worm (D:2)
  A dart slug (D:1)
  26 orcs
  8 ball pythons
  5 bats
  7 endoplasms
  2 giant cockroaches
  3 goblins
  8 hobgoblins
  4 jackals
  5 kobolds
  5 quokkas
  7 frilled lizards
  A goblin zombie (Ossuary)
  10 hobgoblin zombies (Ossuary)
  2 jackal zombies (Ossuary)
  7 kobold zombies (Ossuary)
  8 orc zombies (Ossuary)
  3 rats
  A rat zombie (Ossuary)
207 creatures vanquished.

Vanquished Creatures (others)
  An orc wizard (D:9)
1 creature vanquished.

Grand Total: 208 creatures vanquished

Notes
Turn   | Place    | Note
-------+----------+-------------------------------------------
     0 | D:1      | Newt the Kobold Hunter began the quest for the Orb.
     0 | D:1      | Reached XP level 1. HP: 12/12 MP: 1/1
    80 | D:1      | Reached XP level 2. HP: 18/18 MP: 2/2
   135 | D:1      | Found Yzas's Jewellery Shoppe.
   188 | D:1      | Found Gogur's Armour Boutique.
   312 | D:1      | Found Gorul's General Store.
   317 | D:1      | Found Zess's Book Shoppe.
   338 | D:1      | Found Ylidwiqo's Weapon Emporium.
   604 | D:1      | Reached XP level 3. HP: 23/23 MP: 3/3
  1112 | D:2      | Noticed Jessica
  1113 | D:2      | Killed Jessica
  1114 | D:2      | Reached XP level 4. HP: 30/30 MP: 4/4
  1608 | D:2      | Reached skill level 5 in Fighting
  2315 | D:3      | Reached XP level 5. HP: 35/35 MP: 5/5
  2394 | D:3      | Identified the +5 mace "Ufunaelo" {heavy, rN+}
  2408 | D:3      | Noticed Terence
  2415 | D:3      | Killed Terence
  2416 | D:3      | Reached skill level 6 in Ranged Weapons
  3023 | D:4      | Reached skill level 7 in Ranged Weapons
  3077 | D:4      | Reached XP level 6. HP: 40/40 MP: 6/6
  3473 | D:4      | Reached skill level 8 in Ranged Weapons
  3900 | D:5      | Entered Level 5 of the Dungeon
  3900 | D:5      | Found Yvitt's Assorted Antiques.
  3908 | D:5      | Bought a scroll of identify for 48 gold pieces
  3908 | D:5      | Bought a scroll of identify for 48 gold pieces
  4198 | D:5      | Reached XP level 7. HP: 44/44 MP: 7/7
  4252 | D:5      | Found a basalt altar of Yredelemnul.
  4279 | D:5      | Reached skill level 9 in Ranged Weapons
  4594 | D:5      | Reached skill level 10 in Ranged Weapons
  4674 | D:5      | Reached XP level 8. HP: 45/49 MP: 8/8
  4710 | D:5      | Reached skill level 5 in Dodging
  4906 | D:5      | Found Liygoz's Antique Weapon Shop.
  5102 | D:6      | Reached skill level 1 in Spellcasting
  5102 | D:6      | Reached skill level 1 in Hexes
  5102 | D:6      | Reached skill level 1 in Fire Magic
  5201 | D:6      | Found a sand-covered staircase.
  5205 | Ossuary  | Entered an ossuary
  5642 | Ossuary  | Learned a level 3 spell: Inner Flame
  5962 | D:6      | Identified the +3 cloak "Defotyny" {Stlth+}
  6063 | D:6      | Reached XP level 9. HP: 54/54 MP: 13/13
  7253 | D:7      | Identified the +7 sling "Xyqiacs" {antimagic, rF+ rCorr
                  | Stlth-}
  7330 | D:7      | Reached skill level 5 in Spellcasting
  7330 | D:7      | Reached skill level 5 in Hexes
  7330 | D:7      | Reached skill level 5 in Fire Magic
  7366 | D:7      | You fall into a shaft and drop 2 floors!
  7383 | D:9      | Found a runed translucent door.
  7513 | D:9      | Found a runed translucent door.
  7529 | D:9      | Found a runed translucent door.
  7544 | D:9      | Found a runed translucent door.
  7645 | D:9      | Reached XP level 10. HP: 52/59 MP: 2/18
  7869 | D:9      | Reached skill level 11 in Ranged Weapons
  8164 | D:9      | Found a blossoming altar of Fedhas.
  8469 | D:9      | Identified the +1 long sword "Poceot" {flame, *Rage rF+ rN+
                  | Dex+6}
  8709 | D:9      | Found a staircase to the Lair.
  8882 | D:9      | Reached skill level 12 in Ranged Weapons
  9022 | D:9      | Noticed an ice statue
  9434 | D:9      | Killed from afar by an ice statue

Illustrated notes

Levels and vault maps discovered:
D:1:      eino_arrival_water_cross, layout_basic, serial_shops,
          nicolae_shop_crystal, shop, nicolae_shop_bloodbath_and_beyond,
          shop_fountains, shop, minmay_ruptured
D:2:      minmay_skewed_foursquare, layout_basic, corexii_shack, uniq_jessica
D:3:      layout_basic, uniq_terence
D:4:      layout_loops_ring, abandoned_shop
D:5:      layout_rooms, yredelemnul_altar_generic, serial_shops, shop, shop,
          grunt_decor_arrowhead
D:6:      minmay_recursive_quarters, layout_loops_cross,
          nicolae_ossuary_entry_false_entrances, chequers_serial_rivers_small_a
D:7:      layout_gridville, chequers_temple_overflow_statue_of_worship,
          minmay_temple_entry_water_ring
D:9:      layout_irregular_city, fedhas_altar_1, erik_lair_orcish_takeover,
          minmay_statue_crystal_thing

Skill      XL: |  1  2  3  4  5  6  7  8  9 10 |
---------------+-------------------------------+-----
Fighting       | 3 4 5 |  5.0
Ranged Weapons | 7 8 10 12 | 12.1
Dodging        | 4 6 |  6.0
Spellcasting   | 3 5 6 |  6.1
Hexes          | 3 5 |  5.7
Fire Magic     | 2 5 |  5.7
Stealth        | |  1.3

Action                     |  1- 3 |  4- 6 |  7- 9 | 10-12 || total
---------------------------+-------+-------+-------+-------++-------
  Melee: Sling             |       |       |       |     6 ||     6
   Fire: Shortbow          |    50 |   178 |       |       ||   228
         Sling             |       |     4 |   445 |   176 ||   625
   Cast: Inner Flame       |       |       |     9 |     6 ||    15
    Use: Scroll            |     2 |     6 |     6 |     1 ||    15
         Potion            |       |     1 |     6 |     5 ||    12
 Armour: Leather armour    |     2 |    17 |    23 |       ||    42
         Steam dragon scal |       |       |    58 |    51 ||   109
  Dodge: Dodged            |    12 |    74 |   212 |   138 ||   436
  Block: Other             |       |       |    64 |    36 ||   100
         Reflection        |       |       |     1 |     2 ||     3

Table legend: (Time is in decaauts)
 A = Elapsed time spent in this place.
 B = Non-inter-level travel time spent in this place.
 C = Inter-level travel time spent in this place.
 D = Time resting spent in this place.
 E = Time spent auto-exploring this place.
 F = Levels seen in this place.
 G = Mean time per level.
                   A        B        C        D        E       F      G
               +--------+--------+--------+--------+--------+-----+--------+
         Total |   9428 |   9104 |    324 |   1913 |   5662 |   9 | 1047.6 |
       Dungeon |   8842 |   8518 |    324 |   1727 |   5499 |   8 | 1105.2 |
       Ossuary |    585 |    585 |      0 |    186 |    163 |   1 |  585.0 |
               +--------+--------+--------+--------+--------+-----+--------+

Top non-repeatable levels by time:
     D:9: 2041 daAuts
     D:2: 1196 daAuts
     D:4: 1151 daAuts
     D:6: 1097 daAuts
     D:1: 1071 daAuts
     D:5: 1028 daAuts
     D:3: 630 daAuts
     D:7: 626 daAuts
 Ossuary: 585 daAuts
